[Event "*** Titled Tuesday Blitz"]
[Site "Chess.com"]
[Date "2021.03.09"]
[Round "1"]
[White "Shahaliyev"]
[Black "Kurkusha"]
[Result "1-0"]
[WhiteElo "2636"]
[BlackElo "2338"]
[TimeControl "180+1"]
[EndTime "10:07:27 PST"]
[Termination "Shahaliyev won by checkmate"]

1. e4 e5 2. Nf3 Nc6 3. Bb5 Nf6 4. d3 Bc5 5. c3 O-O 6. Nbd2 d6 7. O-O Bb6 8. Bxc6 bxc6 9. Nc4 Be6 10. Ne3 Re8 11. a4 a5 12. Re1 Rb8 13. h3 Bc5 14.
Nc2 Bb3 15. Qe2 d5 16. Bg5 h6 17. Bh4 dxe4 18. dxe4 Qe7 19. Ne3 Qe6 20. Nd2 Nd7 21.
Nxb3 Qxb3 22. Nc4 Nf8 23. Nxa5 Qxb2 24. Qxb2 Rxb2 25. Nxc6 Re6 26. Na5 Ra6 27. Nc4 Rc2 28. Nxe5 Rxc3 29. Red1 f6 30. Nd3 Ne6 31. Rac1 Bd4 32.
Rxc3 Bxc3 33. Rc1 Bd4 34. Rc4 c5 35. Kh2 Kf7 36. f4 g5 37. fxg5 hxg5 38. Bf2 Bxf2 39.
Nxf2 Ke7 40. Ng4 Ra5 41. g3 Nd4 42. h4 gxh4 43. gxh4 Kf7 44. Kg3 Kg6 45. Nf2 f5 46. e5 Ne6 47. Nd3 Kh5 48. Nf4+ Nxf4 49. Kxf4 Kg6 50.
h5+ Kxh5 51. Kxf5 Kh6 52. Kf6 Ra8 53. Rh4# 1-0

[Event "*** Titled Tuesday Blitz"]
[Site "Chess.com"]
[Date "2021.03.09"]
[Round "1"]
[White "Promacherr"]
[Black "SameerMujumdar"]
[Result "0-1"]
[WhiteElo "2613"]
[BlackElo "2345"]
[TimeControl "180+1"]
[EndTime "10:07:27 PST"]
[Termination "SameerMujumdar won by resignation"]

1. d4 Nf6 2. Nf3 g6 3. Bg5 Bg7 4. Nbd2 O-O 5. c3 d6 6. e4 Nbd7 7.
Be2 e5 8. dxe5 dxe5 9. O-O c6 10. Re1 Qc7 11. Bf1 Re8 12. Nc4 Nb6 13. Ncxe5 Rxe5 14.
Nxe5 Qxe5 15. Qd8+ Ne8 16. f4 Qc5+ 17. Kh1 Be6 18.
Qe7 Qxe7 19. Bxe7 Bf8 20. Bxf8 Kxf8 21. b3 Rd8 22. Rad1 Rxd1 23. Rxd1 Ke7 24. Kg1 f5 25. exf5 Bxf5 26. c4 Nf6 27. Kf2 Nbd7 28. h3 h5 29.
Kf3 Nc5 30. Ke3 a5 31. Be2 Ne6 32. a3 c5 33. Bf3 b6 34. Rd2 Nd4 35. Bd1 Ne4 36. Rb2 Nc3 37. Bf3 h4 38. b4 Na4 39.
Rd2 axb4 40. axb4 Nc2+ 41. Kf2 Nxb4 42. Re2+ Kf7 43. g4 hxg3+ 44. Kxg3 Nc3 45. Re3 Nb1 46. Bg4 Nd2 47. Re5 Nxc4 48. Re1 Nd3 49. Ra1 Kf6 50. Ra7 b5 51. Rc7 b4 52. Rc6+ Kf7 53. Kh4 b3 54. Kg5 b2 55. Rc7+ Ke6 56.
Bxf5+ gxf5 57. Rb7 Nb4 0-1

[Event "*** Titled Tuesday Blitz"]
[Site "Chess.com"]
[Date "2021.03.09"]
[Round "1"]
[White "ChristopherYoo"]
[Black "Zorbos"]
[Result "1-0"]
[WhiteElo "2925"]
[BlackElo "2469"]
[TimeControl "180+1"]
[EndTime "10:07:28 PST"]
[Termination "ChristopherYoo won by checkmate"]

1. d4 Nf6 2. Nf3 g6 3. c4 Bg7 4. Nc3 O-O 5. Bg5 d6 6. Qd2 a6 7. e4 c5 8. d5 e6 9. Be2 exd5 10.
exd5 Bg4 11. O-O Bxf3 12. Bxf3 Nbd7 13. Rfe1 Qb6 14. Rab1 Rae8 15. Bf4 Rxe1+ 16. Rxe1 Re8 17. Rd1 Ne5 18. Be2 Qb4 19. b3 h5 20. Qc1 Qb6 21. Bf1 Qd8 22. h3 Nh7 23. Re1 f5 24.
Qd2 Nf7 25. Rd1 g5 26. Bh2 Qf6 27. Rc1 f4 28. Bd3 Qd4 29. Bxh7+ Kxh7 30. Qc2+ Kh6 31. h4 Qxc3 32. hxg5+ Kxg5 33. Bxf4+ Kxf4 34. Qd1 Qe5 35. Qf3+ Kg5 36. Qxf7 Re7 37. f4+ Kh4 38. Qg6 Qe3+ 39. Kh2 Qxf4+ 40. g3+ Qxg3+ 41. Qxg3# 1-0

[Event "*** Titled Tuesday Blitz"]
[Site "Chess.com"]
[Date "2021.03.09"]
[Round "1"]
[White "ram1zan"]
[Black "MustafayevFarid2004"]
[Result "1-0"]
[WhiteElo "2823"]
[BlackElo "2431"]
[TimeControl "180+1"]
[EndTime "10:07:28 PST"]
[Termination "ram1zan won on time"]

1. e4 c6 2. d4 d5 3. exd5 cxd5 4. Bd3 Nc6 5. c3 Nf6 6. h3 g6 7. Qc2 Bg7 8. Nf3 O-O 9. O-O b6 10. Re1 Qc7 11. Be3 Bd7 12. Qc1 Ne4 13. Bf4 Qb7 14.
Nbd2 f5 15. Nf1 Rac8 16. Bh6 Qc7 17. Bf4 Qd8 18. Qe3 a5 19. Ng3 e6 20. h4 Qe7 21. h5 Bf6 22. Bh6 Rfe8 23. hxg6 hxg6 24. Ba6 Rcd8 25. Nxe4 fxe4 26. Ng5 Qd6 27. Rad1 Ne7 28. g4 Rf8 29. Qh3 Bxg5 30. Bxg5 Rf3 31. Qh4 Rf7 32. Re3 Kf8 33. Rh3 Ra8 34. Be2 Ng8 35. Rf1 e5 36.
dxe5 Qxe5 37. Be3 Qe6 38. Qg5 Re8 39. Bd4 Qe7 40. Qe3 Qe6 41. Bxb6 Qc6 42. Bc5+ Kg7 43. Bd4+ Kf8 44. Qg5 Qe6 45. f4 exf3 46. Rhxf3 Re7 47. Bc5 Qxe2 48. Rxf7+ 1-0

[Event "*** Titled Tuesday Blitz"]
[Site "Chess.com"]
[Date "2021.03.09"]
[Round "1"]
[White "shaheus"]
[Black "nrvisakh"]
[Result "0-1"]
[WhiteElo "2416"]
[BlackElo "2780"]
[TimeControl "180+1"]
[EndTime "10:07:28 PST"]
[Termination "nrvisakh won on time"]

1. e4 e5 2. Nf3 Nc6 3. Bc4 Nf6 4. Ng5 d5 5. exd5 Na5 6. Bb5+ c6 7. dxc6 bxc6 8.
Bd3 Nd5 9. Nf3 Bd6 10. O-O O-O 11. Re1 Re8 12. Nc3 f5 13. Nxd5 cxd5 14. Bb5 Bd7 15. Bxd7 Qxd7 16. d3 Nc6 17. c3 h6 18. Qa4 Rad8 19.
Bd2 Re6 20. Rad1 Rg6 21. Bc1 Rg4 22. Qb3 Kh8 23. Qxd5 e4 24. dxe4 fxe4 25. Rxe4 Rxe4 26. Qxe4 Bxh2+ 27. Kxh2 Qxd1 28. Be3 Qd6+ 29. Bf4 Qf6 30. Bg3 Ne7 31. Be5 Qf7 32. Bd4 Nf5 33. Qf4 Qg6 34. g3 Nxd4 35. Nxd4 Re8 36. Kg2 Qa6 37. a3 Qb7+ 38.
Qf3 Qxb2 0-1

[Event "*** Titled Tuesday Blitz"]
[Site "Chess.com"]
[Date "2021.03.09"]
[Round "1"]
[White "TorFredrikKaasen"]
[Black "Chernov_Mikhail"]
[Result "1-0"]
[WhiteElo "2706"]
[BlackElo "2381"]
[TimeControl "180+1"]
[EndTime "10:07:28 PST"]
[Termination "TorFredrikKaasen won on time"]

1. e4 c5 2. Nf3 Nc6 3. Nc3 d6 4. d4 cxd4 5. Nxd4 Nf6 6. Bc4 e6 7. Bb3 a6 8. Be3 Qc7 9. f4 Na5 10. O-O Nc4 11. Bc1 b5 12. Qd3 Qc5 13. Kh1 Bb7 14. a4 e5 15. Nf5 Rc8 16. axb5 axb5 17. Ne3 exf4 18. Rxf4 Be7 19. Nf5 b4 20. Nd5 Nxd5 21.
Nxg7+ Kd7 22. exd5 Ne5 23. Qh3+ Kc7 24. Be3 Qb5 25.
Nf5 Bg5 26. Nd4 Qc5 27. Ne6+ fxe6 28. Bxc5 Bxf4 29. Bxd6+ Kxd6 30. Qxe6+ Kc7 31. Ra7 Kb8 32. Qb6 Rc7 33. d6 Rd7 34. Bd5 Nc6 35. Bxc6 Re8 36.
Rxb7+ 1-0

[Event "*** Titled Tuesday Blitz"]
[Site "Chess.com"]
[Date "2021.03.09"]
[Round "1"]
[White "Handszar"]
[Black "elohunter1999"]
[Result "1-0"]
[WhiteElo "2364"]
[BlackElo "2636"]
[TimeControl "180+1"]
[EndTime "10:07:29 PST"]
[Termination "Handszar won by checkmate"]

1. e4 c5 2. Nf3 Nc6 3. Bb5 e6 4. O-O Nge7 5. d4 cxd4 6. Nxd4 Qb6 7. Nxc6 bxc6 8. Bd3 Ng6 9. Nc3 Be7 10. Na4 Qa5 11.
c4 Ne5 12. Be2 Ba6 13. b3 O-O 14. f4 Ng6 15. Bb2 Rad8 16. Bc3 Qc7 17. Qd2 f5 18.
Ba5 Qb7 19. Bxd8 Bxd8 20. exf5 Rxf5 21. Bd3 Rf7 22. Bxg6 hxg6 23. Kh1 Bf6 24. Nc5 Qc8 25. Rad1 d5 26. Qd3 Bb7 27. Rfe1 Re7 28. Qxg6 Ba8 29.
Rd3 Qc7 30. Nxe6 Qxf4 31. g3 Qd6 32. c5 Qd7 33. Rde3 Bb7 34. Nf4 Bc8 35. Nh5 Qf5 36.
Nxf6+ Qxf6 37. Qxf6 gxf6 38. Rxe7 Bf5 39. Rc7 d4 40.
Re8# 1-0

[Event "*** Titled Tuesday Blitz"]
[Site "Chess.com"]
[Date "2021.03.09"]
[Round "1"]
[White "IngOscarArdila"]
[Black "Artyom_ChessMate"]
[Result "0-1"]
[WhiteElo "2242"]
[BlackElo "2553"]
[TimeControl "180+1"]
[EndTime "10:07:29 PST"]
[Termination "Artyom_ChessMate won by resignation"]

1. d4 d5 2. c4 e6 3. Nc3 Nf6 4. Bg5 c5 5. Nf3 cxd4 6. Qxd4 Be7 7. cxd5 exd5 8. e3 Nc6 9. Bb5 O-O 10. Bxc6 bxc6 11.
Ne5 Bb7 12. O-O h6 13. Bh4 c5 14. Qd3 d4 15. exd4 cxd4 16. Ne2 Qd5 17. Nf3 Rad8 18. Nf4 Qe4 19. Qxe4 Bxe4 20. Nd2 g5 21. Nxe4 Nxe4 22. Rfe1 f5 23. f3 gxh4 24. fxe4 Bb4 25.
Red1 fxe4 26. Ne6 e3 27. Nxf8 e2 28. Ne6 Re8 29. Nxd4 Bc5 30. Kf2 exd1=Q 31. Rxd1 Re4 32.
Kf3 Rxd4 33. Rc1 Bb6 34. Rc8+ Kg7 35. Rc2 Kf6 36. h3 Kg5 37. a3 Rd3+ 38. Ke4 Re3+ 39. Kd5 Kf4 40. Kc6 Kg3 41. a4 Re4 42. Kb5 Rf4 43. b4 Rf5+ 44. Kc6 Rf2 45. Rc3+ Kxg2 46. a5 Bd4 47. Rd3 Rc2+ 48. Kd5 Bf2 49. b5 Ra2 50. a6 Rb2 51. Kc6 Bb6 52. Rc3 Rf2 53. Kd5 Rf3 54.
Rc4 Rxh3 55. Ke5 Re3+ 56. Kf5 h3 57. Kg4 h2 58. Rc2+ Kg1 59. Rc1+ Kf2 60. Rc2+ Re2 61. Rc1 Re1 62. Rc2+ Kg1 63. Kg3 h1=Q 64. Rf2 0-1

[Event "*** Titled Tuesday Blitz"]
[Site "Chess.com"]
[Date "2021.03.09"]
[Round "1"]
[White "Steven_Rojas"]
[Black "dropstoneDP"]
[Result "0-1"]
[WhiteElo "2459"]
[BlackElo "2904"]
[TimeControl "180+1"]
[EndTime "10:07:30 PST"]
[Termination "dropstoneDP won by checkmate"]

1. c4 Nf6 2. Nc3 e5 3. Nf3 Nc6 4.
e3 Bb4 5. Qc2 Bxc3 6. Qxc3 Qe7 7. d4 exd4 8. Nxd4 Nxd4 9. Qxd4 b6 10. Be2 Bb7 11. O-O O-O 12. b3 d6 13. Bb2 a5 14.
a3 Rfe8 15. Rfe1 Qe6 16. Bf1 Qf5 17. f3 Qg6 18. Bd3 Qh6 19. b4 Nd7 20. Kf2 Ne5 21.
Be2 axb4 22. axb4 f6 23. h3 Rxa1 24. Rxa1 Nc6 25. Qd2 Qg5 26. b5 Na5 27. Bc3 Nb3 28. Qa2 Qxe3+ 29. Kf1 Qxc3 30. Rd1 Nc5 31. Qb1 g6 32. h4 Kg7 33. h5 Re5 34. hxg6 hxg6 35. Qa1 Qxa1 36. Rxa1 Re8 37. Kf2 Ra8 38. Re1 Ra2 39.
Kg3 Bc8 40. Bf1 Be6 41. Re3 g5 42. Re1 f5 43. f4 Kf6 44. fxg5+ Kxg5 45. Kf3 Rb2 46.
Re3 f4 47. Re1 Bg4# 0-1

[Event "*** Titled Tuesday Blitz"]
[Site "Chess.com"]
[Date "2021.03.09"]
[Round "1"]
[White "ckgchess"]
[Black "ri4mi"]
[Result "1-0"]
[WhiteElo "2779"]
[BlackElo "2415"]
[TimeControl "180+1"]
[EndTime "10:07:30 PST"]
[Termination "ckgchess won on time"]

1. d4 d5 2. c4 c6 3. Nc3 Nf6 4.
Nf3 e6 5. e3 Be7 6. Qc2 O-O 7.
b3 Nbd7 8. Bb2 b6 9. Bd3 Bb7 10. O-O h6 11. e4 dxe4 12. Nxe4 c5 13. Rad1 Qc7 14. Rfe1 Rad8 15. dxc5 bxc5 16. Qc3 Rfe8 17.
Rd2 Bf8 18. Nxf6+ Nxf6 19. Bb1 Rxd2 20. Nxd2 Ng4 21. Qh3 f5 22. Bxf5 exf5 23. Rxe8 Qd7 24. Re2 Bd6 25. Nf1 Bf4 26. Qc3 h5 27. h3 Nf6 28.
Bc1 Bxc1 29. Qxc1 Qc6 30. Qg5 Kf7 31. Ne3 g6 32. Nd5 Ne4 33. Qe7+ Kg8 34. Rxe4 fxe4 35. Nf6+ 1-0

[Event "*** Titled Tuesday Blitz"]
[Site "Chess.com"]
[Date "2021.03.09"]
[Round "1"]
[White "NikolaGry"]
[Black "Logman74"]
[Result "1-0"]
[WhiteElo "2659"]
[BlackElo "2350"]
[TimeControl "180+1"]
[EndTime "10:07:30 PST"]
[Termination "NikolaGry won on time"]

1. d4 Nf6 2. Bg5 e6 3. Nd2 d5 4. e3 Be7 5. Bd3 Nbd7 6. f4 c5 7. c3 h6 8. Bxf6 Nxf6 9. Ngf3 b6 10. Ne5 O-O 11. O-O Bb7 12. Rf3 Ne4 13. Rh3 Bd6 14.
Nxe4 dxe4 15. Bc2 cxd4 16. exd4 f6 17. Ng6 Rf7 18. f5 Bd5 19. Qg4 Qc8 20. Rxh6 gxh6 21. Ne7+ Kf8 22. Nxc8 Rxc8 23. Bxe4 Rg7 24. Qf3 Bxe4 25.
Qxe4 e5 26. Qd5 Rd8 27. Qe6 Rf7 28. Re1 Kg7 29. dxe5 Bxe5 30. Rxe5 fxe5 31. Qg6+ Kf8 32. Qxh6+ Ke8 33. g4 Re7 34. f6 Rf7 35. g5 Rd6 36.
Kf2 e4 37. Ke3 Kd7 38. h4 1-0

[Event "*** Titled Tuesday Blitz"]
[Site "Chess.com"]
[Date "2021.03.09"]
[Round "1"]
[White "CraiggoryC"]
[Black "Gerodot71"]
[Result "0-1"]
[WhiteElo "2262"]
[BlackElo "2564"]
[TimeControl "180+1"]
[EndTime "10:07:30 PST"]
[Termination "Gerodot71 won by resignation"]

1. e4 e5 2. Nf3 Nc6 3. Bb5 a6 4. Ba4 Nf6 5. d3 b5 6. Bb3 Be7 7. O-O O-O 8. Nc3 d6 9. a4 Rb8 10.
axb5 axb5 11. Re1 Bg4 12. h3 Bh5 13. Be3 Qd7 14. Nd5 Ra8 15. Qe2 Rfb8 16. c3 Na5 17.
Bc2 Nc6 18. Rec1 h6 19. Bd1 Nxd5 20. exd5 Nd8 21. Qd2 Bf6 22. d4 e4 23. Nh2 Bxd1 24. Qxd1 Be7 25. g4 Bf8 26. Nf1 f5 27. Ng3 fxg4 28. Qxg4 Qf7 29. Nxe4 Kh8 30. Rxa8 Rxa8 31. Re1 Qxd5 32. Qf3 Ne6 33. Nd2 Qxf3 34. Nxf3 Nd8 35.
Bd2 Nf7 36. Re2 Kg8 37. Bf4 Nh8 38. Nh4 Kf7 39. Nf5 Ng6 40. Bg3 Ra2 41. Kf1 Ne7 42.
b3 Rxe2 43. Kxe2 Nxf5 0-1

[Event "*** Titled Tuesday Blitz"]
[Site "Chess.com"]
[Date "2021.03.09"]
[Round "1"]
[White "vinniethepooh"]
[Black "konradrutkowski"]
[Result "1-0"]
[WhiteElo "2709"]
[BlackElo "2386"]
[TimeControl "180+1"]
[EndTime "10:07:31 PST"]
[Termination "vinniethepooh won by resignation"]

1. d4 Nf6 2. c4 g6 3. Nc3 Bg7 4. e4 O-O 5. Be2 d6 6. Be3 Re8 7. Nf3 e5 8. dxe5 dxe5 9. Qxd8 Rxd8 10. Nd5 Nxd5 11. cxd5 c6 12. Bc4 cxd5 13. Bxd5 h6 14. O-O-O Re8 15. Kb1 Nd7 16. Rc1 Nf6 17. Rc7 Nxd5 18.
exd5 Bf5+ 19. Ka1 Red8 20. Rd1 Be4 21. d6 Bc6 22. Bc5 Rd7 23. Re1 Rxc7 24. dxc7 Rc8 25. Bd6 f6 26. Nd2 Kf7 27. f4 Ke6 28. fxe5 fxe5 29. Nc4 Bd5 30. Bxe5 Bxc4 31. Bxg7+ Kd7 32. Be5 Re8 33. Rd1+ Kc8 34. Bg3 Bb5 35. b3 Bc6 36.
Rd2 h5 37. Kb2 b6 38. Kc3 Bd7 39. Rd5 Bf5 40. Bf4 Kb7 41. Rd8 Re4 42. Rb8+ Ka6 43. g3 Re1 44. c8=Q+ Bxc8 45. Rxc8 Rc1+ 46. Bxc1 1-0

[Event "*** Titled Tuesday Blitz"]
[Site "Chess.com"]
[Date "2021.03.09"]
[Round "1"]
[White "lamomiablanca"]
[Black "Nozdrachev_Vladislav"]
[Result "0-1"]
[WhiteElo "2379"]
[BlackElo "2703"]
[TimeControl "180+1"]
[EndTime "10:07:32 PST"]
[Termination "Nozdrachev_Vladislav won by resignation"]

1. e4 e5 2. Nf3 Nc6 3. Nc3 Nf6 4.
d4 exd4 5. Nxd4 Bc5 6. Be3 Bb6 7. Qd2 O-O 8. O-O-O Re8 9. f3 d5 10. exd5 Nxd5 11.
Bg5 f6 12. Bc4 Nxd4 13. Nxd5 Be6 14. Nxb6 axb6 15. Qxd4 Qxd4 16. Bxe6+ Rxe6 17. Rxd4 fxg5 18. a3 Re7 19. Rhd1 Rae8 20. b3 Kf7 21. a4 Kf6 22. R1d2 Re1+ 23. Kb2 R8e7 24. Rd7 h5 25. Rxe7 Rxe7 26.
Kc3 g6 27. Rd8 g4 28. fxg4 hxg4 29. Kd2 Rh7 30. h3 gxh3 31. gxh3 Kg5 32. Rd3 Kh4 33. Ke2 Rf7 34. Re3 g5 35. Rd3 c6 36. Re3 b5 37.
axb5 cxb5 38. Ke1 b4 39. Ke2 Rc7 40. Kd2 Rc3 41. Re4+ Kxh3 42. Rxb4 Rc7 43. Rb6 g4 44. Ke3 g3 45. Rh6+ Kg2 46. c4 Re7+ 47. Kf4 Kf2 48. Kf5 g2 49. Rg6 Re3 50. Rxg2+ Kxg2 0-1

[Event "*** Titled Tuesday Blitz"]
[Site "Chess.com"]
[Date "2021.03.09"]
[Round "1"]
[White "gatocorbis"]
[Black "zeitnot2006"]
[Result "0-1"]
[WhiteElo "2097"]
[BlackElo "2505"]
[TimeControl "180+1"]
[EndTime "10:07:32 PST"]
[Termination "zeitnot2006 won on time"]

1. e4 c6 2. d4 d5 3. exd5 cxd5 4. Bd3 Nc6 5. c3 g6 6. h3 Bg7 7. Nf3 Nf6 8. O-O O-O 9. Be3 Bf5 10. Bxf5 gxf5 11.
Nbd2 Ne4 12. Nxe4 fxe4 13. Nd2 f5 14. Bf4 e6 15. Nb3 b6 16. Qd2 Kh8 17. a4 Na5 18. Nxa5 bxa5 19. Bg5 Qe8 20. Bh6 Rg8 21. Bxg7+ Rxg7 22.
Qf4 Qg6 23. g3 Qh5 24. Kh2 Rf8 25. b4 Rf6 26. bxa5 Rg4 27. Qb8+ Kg7 28. Rab1 f4 29. Rb7+ Kh6 30. Qc7 Rgg6 31. Qxh7+ Kg5 32. h4+ Kg4 33. Qxh5+ Kxh5 34. Rxa7 fxg3+ 35. Kg2 gxf2+ 36. Kh3 Rf3+ 37. Kh2 Rf4 38. Rh7+ Kg4 39. h5 Rg5 0-1

[Event "*** Titled Tuesday Blitz"]
[Site "Chess.com"]
[Date "2021.03.09"]
[Round "1"]
[White "XDPS"]
[Black "AsaHoffmann"]
[Result "1-0"]
[WhiteElo "2728"]
[BlackElo "2399"]
[TimeControl "180+1"]
[EndTime "10:07:33 PST"]
[Termination "XDPS won by resignation"]

1. e4 d6 2. d4 Nf6 3. Nc3 c6 4. Nf3 Bg4 5. Be2 e6 6. O-O d5 7.
exd5 cxd5 8. Bf4 Nc6 9. Re1 Be7 10. Ne5 Bxe2 11. Nxe2 Nxe5 12. Bxe5 O-O 13. Nf4 Nd7 14. Nd3 Bf6 15. c3 Nxe5 16. dxe5 Be7 17. Qg4 h6 18. Re3 Kh8 19. Rg3 Rg8 20. Qh5 Qe8 21. Nf4 Rc8 22. Rd1 Rc4 23. Nd3 Re4 24.
Rh3 f6 25. exf6 Bxf6 26. Qf3 Rf8 27. Nc5 Bd4 28. Qxf8+ Qxf8 29. Nxe4 Bb6 30. Rf3 Qd8 31. Ng3 e5 32. Rfd3 d4 33. cxd4 Bxd4 34. Ne2 Qb6 35.
Nxd4 exd4 36. b3 a5 37. Rxd4 Kh7 38. g3 Qc5 39. h4 b5 40. Rd5 Qc6 41. Rd7 a4 42.
bxa4 bxa4 43. Rf7 Qc4 44. Rdd7 Qxa2 45. Rxg7+ Kh8 46. Rh7+ Kg8 47. Rdg7+ Kf8 48. Ra7 Kg8 49. Rhg7+ Kh8 50. Rgb7 1-0

[Event "*** Titled Tuesday Blitz"]
[Site "Chess.com"]
[Date "2021.03.09"]
[Round "1"]
[White "Dyadya81"]
[Black "2nd_life"]
[Result "1-0"]
[WhiteElo "2725"]
[BlackElo "2397"]
[TimeControl "180+1"]
[EndTime "10:07:33 PST"]
[Termination "Dyadya81 won on time"]

1. e4 e5 2. Nf3 Nc6 3. d4 exd4 4. Nxd4 Bb4+ 5. c3 Be7 6. Nf5 Bf6 7. Ne3 g6 8. c4 d6 9. Nd5 Bg7 10. Nbc3 Nf6 11.
Bg5 Nxd5 12. Qxd5 Bxc3+ 13. bxc3 f6 14. Bh4 Qe7 15. Be2 h5 16. f3 g5 17. Bf2 Be6 18.
Qb5 Kf7 19. h4 g4 20. O-O-O Rab8 21. c5 a6 22. cxd6 axb5 23. dxe7 Nxe7 24. Bxb5 c6 25.
Be2 gxf3 26. gxf3 Bxa2 27. Bc5 Be6 28. f4 f5 29. exf5 Bxf5 30. Bc4+ Nd5 31. Bxd5+ cxd5 32. Rxd5 Be6 33. Rg5 Rbg8 34. f5 Bd5 35. Rd1 Bc6 36. Bd4 Rxg5 37. hxg5 Rg8 38. g6+ Kf8 39. Re1 1-0

[Event "*** Titled Tuesday Blitz"]
[Site "Chess.com"]
[Date "2021.03.09"]
[Round "1"]
[White "politeplayer"]
[Black "swisspower96"]
[Result "0-1"]
[WhiteElo "2293"]
[BlackElo "2599"]
[TimeControl "180+1"]
[EndTime "10:07:33 PST"]
[Termination "swisspower96 won on time"]

1. e4 c5 2. c3 Nf6 3. e5 Nd5 4. d4 cxd4 5. Nf3 Nc6 6. Bc4 Nb6 7. Bb3 d5 8. exd6 Qxd6 9. O-O Be6 10. Na3 dxc3 11. Qe2 Bxb3 12. Nb5 Qb8 13. axb3 e6 14. bxc3 Be7 15. Be3 Nd5 16. c4 Nxe3 17. Qxe3 O-O 18. Rfd1 a6 19. Nbd4 Nxd4 20. Nxd4 Bf6 21. Ra2 Qc7 22.
Rad2 Rad8 23. Nf3 g6 24. g3 Kg7 25. h4 h6 26. Kg2 Rxd2 27. Rxd2 Rd8 28. Rxd8 Qxd8 29.
Ne5 Qc7 30. Ng4 g5 31. Nxf6 Kxf6 32. hxg5+ hxg5 33. Qf3+ Kg6 34. Qe4+ Kg7 35. Qd4+ f6 36. Qe3 Qc6+ 37. Kg1 e5 38. Qd3 e4 39. Qe3 Kg6 40. Kg2 Qe6 41. Qd4 Qc6 42. Kg1 Kf5 43. Qd8 Kg4 44. Qh8 e3 45. Kh2 exf2 0-1

[Event "*** Titled Tuesday Blitz"]
[Site "Chess.com"]
[Date "2021.03.09"]
[Round "1"]
[White "Make_it_shine060"]
[Black "LawrenceTrent"]
[Result "0-1"]
[WhiteElo "2250"]
[BlackElo "2559"]
[TimeControl "180+1"]
[EndTime "10:07:35 PST"]
[Termination "LawrenceTrent won by checkmate"]

1. d4 d5 2. c4 e5 3. dxe5 d4 4.
Nf3 Nc6 5. a3 Nge7 6. Nbd2 Ng6 7. Nb3 Ngxe5 8. Nxe5 Nxe5 9. Qxd4 Qxd4 10. Nxd4 Nxc4 11. e4 Nd6 12. e5 Nf5 13. Bb5+ c6 14.
Nxf5 Bxf5 15. Bc4 Be6 16. Bd3 O-O-O 17. Be2 Be7 18. O-O Rd5 19. f4 g6 20. Be3 b6 21.
b4 Rhd8 22. Rac1 Kb7 23. Bf3 h5 24. Bxd5 Bxd5 25. f5 a5 26. bxa5 bxa5 27. Rb1+ Kc8 28. fxg6 fxg6 29. Bb6 Re8 30. Bxa5 Bc5+ 31. Kh1 Rxe5 32.
Rb2 Bxa3 33. Rd2 h4 34. Bc3 Re4 35. h3 Re3 36. Bd4 Rxh3+ 37. Kg1 Rg3 38. Re2 h3 39. Kh2 Rxg2+ 40. Rxg2 hxg2 41. Rg1 Bd6+ 42. Kh3 Kd7 43. Re1 c5 44. Bg1 c4 45. Rd1 Kc6 46. Rb1 Be4 47.
Rb6+ Kd7 48. Bd4 Bc7 49. Rxg6 Bxg6 50. Kxg2 Kc6 51. Kf2 Kd5 52. Bc3 Bb6+ 53. Ke2 Bd4 54. Bd2 c3 55. Bxc3 Bxc3 56. Kf3 Bd4 57. Kg4 Be4 58. Kg3 Be3 59. Kh4 Ke5 60. Kh3 Kf4 61. Kh4 Bf3 62. Kh3 Bc5 63. Kh4 Be7+ 64. Kh3 Bf6 65.
Kh2 Kg4 66. Kg1 Kg3 67. Kf1 Bc3 68. Kg1 Be2 69. Kh1 Ba5 70. Kg1 Bb6+ 71. Kh1 Bf3# 0-1

[Event "*** Titled Tuesday Blitz"]
[Site "Chess.com"]
[Date "2021.03.09"]
[Round "1"]
[White "BilodeauA"]
[Black "SharapovEvgeny"]
[Result "1-0"]
[WhiteElo "2902"]
[BlackElo "2458"]
[TimeControl "180+1"]
[EndTime "10:07:36 PST"]
[Termination "BilodeauA won by resignation"]

1. d4 d5 2. Nc3 c6 3. Bf4 Qb6 4. Rb1 Nf6 5. e3 g6 6. Nf3 Bg4 7. Be2 Bg7 8. O-O O-O 9. Na4 Qa5 10. Nc5 b6 11. Nb3 Qxa2 12. Bxb8 Raxb8 13. Ne5 Bxe2 14. Qxe2 a5 15. Nxc6 Rb7 16. Ne5 Qa4 17. Ra1 Qb4 18. Nd3 Qd6 19. Nd2 Rc8 20. c3 Rbc7 21. f4 Ne4 22. Nxe4 dxe4 23. Nf2 f5 24. g4 e6 25. Kh1 Qd5 26. gxf5 exf5 27. Rg1 Qc4 28. Qd1 Ra8 29. h4 Kf7 30. h5 Bf6 31. Nh3 Rg8 32. Rg2 Kf8 33. Qc2 Rcg7 34. h6 Rc7 35. Qa4 Qxa4 36.
Rxa4 Ke7 37. c4 Rgc8 38. b3 Rb7 39. Kh2 b5 40. Rxa5 bxc4 41. bxc4 Rxc4 42. Ng5 Bxg5 43. fxg5 Rc3 44. Re2 Rcb3 45. Kg3 R3b5 46. Rxb5 Rxb5 47. Ra2 Rb3 48. Kf4 Rb1 49. Ke5 Re1 50. Ra7+ Kd8 51. Rxh7 Rxe3 52. Rg7 Rh3 53. h7 e3 54. Rg8+ Ke7 55.
h8=Q Rxh8 56. Rxh8 e2 57. Rh7+ Kf8 58. Rh1 1-0

[Event "*** Titled Tuesday Blitz"]
[Site "Chess.com"]
[Date "2021.03.09"]
[Round "1"]
[White "Nikolakis2014"]
[Black "Mrlammy"]
[Result "1-0"]
[WhiteElo "2600"]
[BlackElo "2295"]
[TimeControl "180+1"]
[EndTime "10:07:36 PST"]
[Termination "Nikolakis2014 won by checkmate"]

1. Nf3 e6 2. c4 d5 3. d4 Nf6 4.
g3 Be7 5. Bg2 O-O 6. O-O b6 7. Bg5 Bb7 8. Ne5 Nbd7 9. Nc3 h6 10. Bxf6 Nxf6 11. Rc1 c5 12. dxc5 Bxc5 13. cxd5 Nxd5 14. Nxd5 Bxd5 15. Bxd5 Qxd5 16. Qxd5 exd5 17. Rfd1 Rfd8 18. Nd3 Rac8 19. e3 d4 20. e4 a5 21. f4 f6 22. Kf2 Kf7 23. Kf3 Be7 24. h4 a4 25. h5 a3 26. bxa3 Bxa3 27. Rb1 Rd6 28. e5 Rdc6 29. Ke4 Rd8 30. f5 Ke7 31. e6 Bd6 32. g4 Bc5 33. Rb5 Rg8 34. Rc1 Ra8 35.
Nxc5 bxc5 36. Rcxc5 Rxc5 37. Rxc5 Rxa2 38. Rc7+ Ke8 39. Rxg7 Ra4 40. Kd3 Kf8 41. Rg6 Ke7 42. Rxh6 Ra3+ 43. Kxd4 Ra4+ 44. Kd5 Rxg4 45. Rh7+ Ke8 46.
Rf7 Rh4 47. Rxf6 Rxh5 48. Ke5 Ke7 49. Rf7+ Ke8 50. Rg7 Rh1 51. Kf6 Rh6+ 52. Rg6 Rh8 53. Ke5 Ke7 54. Rg7+ Kf8 55. f6 Ke8 56. Kd6 Rh1 57.
Rg8# 1-0

[Event "*** Titled Tuesday Blitz"]
[Site "Chess.com"]
[Date "2021.03.09"]
[Round "1"]
[White "Gusarov91"]
[Black "GMJustin"]
[Result "0-1"]
[WhiteElo "2543"]
[BlackElo "2267"]
[TimeControl "180+1"]
[EndTime "10:07:36 PST"]
[Termination "GMJustin won by checkmate"]

1. d4 Nf6 2. Nf3 b6 3. c4 Bb7 4. Nbd2 g6 5. g3 Bg7 6. Bg2 O-O 7. O-O e6 8. b3 d5 9. Bb2 Nbd7 10. Rc1 c5 11.
Qc2 Rc8 12. Qb1 Ne4 13. Rfd1 Nxd2 14. Rxd2 dxc4 15. dxc5 Bxb2 16. Qxb2 Rxc5 17. b4 Rd5 18. Rxc4 Rxd2 19. Qxd2 Bd5 20. Rd4 Qe7 21. Ne5 Nxe5 22. Bxd5 exd5 23. Rxd5 Nc4 24. Qd3 Qxb4 25. Rd4 b5 26. Kg2 Re8 27. e3 Qc5 28. h4 Ne5 29.
Qb3 Qc6+ 30. e4 Nc4 31. Qd3 a6 32. f3 Qc5 33. Kh3 Ne5 34. Qd1 Nxf3 35. Rd8 Rxd8 36. Qxd8+ Kg7 37. Qd3 Ne5 38. Qd2 b4 39. Qb2 Qc3 40.
Qf2 Qd3 41. Qf4 Qd4 42. h5 f5 43. h6+ Kf7 44. Qf1 Qxe4 45. Qc1 Qg4+ 46. Kh2 Qe2+ 47. Kh3 Qc4 48. Qe1 Ke6 49. Qf2 a5 50. Qb6+ Nc6 51. Qb7 Qd5 52. Qxh7 Qh1# 0-1

[Event "*** Titled Tuesday Blitz"]
[Site "Chess.com"]
[Date "2021.03.09"]
[Round "1"]
[White "masrahi"]
[Black "Frogo47"]
[Result "0-1"]
[WhiteElo "2212"]
[BlackElo "2540"]
[TimeControl "180+1"]
[EndTime "10:07:36 PST"]
[Termination "Frogo47 won by resignation"]

1. d4 Nf6 2. Bf4 g6 3. e3 Bg7 4. h3 O-O 5. Nf3 d6 6. Be2 c5 7.
O-O Qb6 8. Qc1 Nc6 9. c3 Be6 10.
Nbd2 Rac8 11. Bd3 Nd5 12. Bh2 cxd4 13. exd4 Nxd4 14. Nxd4 Bxd4 15. Nc4 Qa6 16. cxd4 b5 17.
b3 Nb4 18. Be2 bxc4 19. bxc4 Bxc4 20. Bxc4 Qxc4 21. Qd2 Nd5 22. Rac1 Qb4 23. Qd3 Rc3 24. Qe4 e6 25. Rxc3 Nxc3 26. Qc6 Ne2+ 27. Kh1 Nxd4 28.
Qxd6 Qxd6 29. Bxd6 Rc8 30. Be5 Ne2 31. g4 f5 32. Kg2 Rc1 33. Rxc1 Nxc1 34. a3 Nd3 35. Bd4 a6 36. Kf3 e5 37. Bb6 Kf7 38. h4 h5 39.
gxh5 gxh5 40. Ke3 Nb2 41. Bc5 Ke6 42. f3 Kd5 43. Be7 Nc4+ 44. Kd3 Nb6 45. Bd8 Nd7 46. Be7 Nc5+ 47. Ke3 Ne6 48. Kd3 Nf4+ 49. Ke3 Ng6 50. Bg5 e4 51. fxe4+ fxe4 52. Bd8 Ne5 53. Be7 a5 54. Kf4 Ng6+ 0-1